 Dungeon Crawl Stone Soup version 0.31.0-11-ge490571c62 (webtiles) character file.

Game seed: 1076110425533031449

41260 PaiMei the Dealer of Despair (level 13, -1/115 HPs)
             Began as a Demonspawn Necromancer on Feb 8, 2024.
             Was an Elder of Kikubaaqudgha.
             Shot with an arrow by Nessos (2 damage)
             ... on level 4 of the Lair of Beasts on Feb 9, 2024.
             The game lasted 00:41:01 (26749 turns).

PaiMei the Dealer of Despair (DsNe)                Turns: 26749, Time: 00:41:01

Health: -1/115     AC: 12    Str: 14    XL:     13   Next: 79%
Magic:  2/28       EV: 17    Int: 20    God:    Kikubaaqudgha [****..]
Gold:   1092       SH:  0    Dex: 15    Spells: 9/34 levels left

rFire   . . .        e - +2 dagger (venom)
rCold   . . .        (no shield)
rNeg    . . .        H - +1 leather armour "Wyqeh" {Regen+ Stlth+}
rPois   .            D - +2 hat
rElec   .            X - +0 cloak
rCorr   .            d - +0 pair of gloves
SInv    .            k - +0 pair of boots
Will    .....        J - amulet of the acrobat
Stlth   +++          i - +6 ring of strength
HPRegen 1.19/turn    (no ring)
MPRegen 0.21/turn

%: acrobat
@: lethally poisoned (-1 -> -2), animating dead
A: rugged brown scales 3, demonic guardian 1, powered by death 2, demonic touch
2
a: Renounce Religion, Unearth Wretches


You were on level 4 of the Lair of Beasts.
You worshipped Kikubaaqudgha.
Kikubaaqudgha was greatly pleased with you.
You visited 3 branches of the dungeon, and saw 14 of its levels.
You also visited: Sewer.

You collected 1092 gold pieces.

Inventory:

Hand Weapons
 e - a +2 dagger of venom (weapon)
 P - a +2 whip of flaming
 Q - a +2 long sword of electrocution
 T - a +3 longbow
 U - a +3 mace of protection
Missiles
 u - 3 curare-tipped darts
 y - 32 poisoned darts
Armour
 d - a +0 pair of gloves (worn)
 k - a +0 pair of boots (worn)
 D - a +2 hat (worn)
 H - the +1 leather armour "Wyqeh" (worn) {Regen+ Stlth+}
   (You found it on level 10 of the Dungeon)

   Regen+:    It increases your rate of health regeneration.
   Stlth+:    It makes you more stealthy.
 X - a +0 cloak (worn)
Jewellery
 h - a ring of flight
 i - a +6 ring of strength (left hand)
 J - an amulet of the acrobat (around neck)
 O - a ring of ice
Wands
 v - a wand of polymorph (26)
 w - a wand of flame (26)
 B - a wand of acid (13)
 C - a wand of charming (7)
 I - a wand of mindburst (5)
 M - a wand of digging (14)
Scrolls
 c - 4 scrolls of teleportation
 f - a scroll of immolation {unknown}
 l - 2 scrolls of fear
 r - 3 scrolls of poison
 s - a scroll of vulnerability {unknown}
 z - 2 scrolls of revelation {unknown}
 A - a scroll of brand weapon {unknown}
 E - 2 scrolls of enchant armour
 F - 2 scrolls of enchant weapon
 G - a scroll of torment {unknown}
 K - 2 scrolls of fog
 L - a scroll of amnesia {unknown}
 R - a scroll of summoning {unknown}
 W - a scroll of noise {unknown}
Potions
 a - 2 potions of resistance {unknown}
 b - a potion of magic
 g - 5 potions of curing
 j - 3 potions of brilliance
 n - a potion of attraction
 o - 4 potions of haste
 p - a potion of ambrosia {unknown}
 q - a potion of lignification {unknown}
 t - a potion of might {unknown}
 x - 3 potions of enlightenment
 N - 2 potions of berserk rage {unknown}
 V - a potion of experience {unknown}
Miscellaneous
 S - a phantom mirror


   Skills:
 + Level 12.1 Fighting
 + Level 11.4 Dodging
 - Level 2.2 Stealth
 + Level 11.4 Spellcasting
 + Level 13.9 Necromancy


You had 9 spell levels left.
You knew the following spells:

 Your Spells              Type           Power      Damage    Failure   Level
a - Necrotise             Necr           100%       1d9       1%          1
b - Vampiric Draining     Necr           61%        2d10      1%          3
c - Animate Dead          Necr           61%        N/A       1%          4
d - Curse of Agony        Necr           61%        N/A       1%          5
e - Fugue of the Fallen   Necr           61%        N/A       1%          3
f - Anguish               Hex/Necr       19%        N/A       4%          4
g - Borgnjor's Vile Clut  Necr/Erth      19%        N/A       12%         5

Your spell library contained the following spells:

 Spells                   Type           Power      Damage    Failure   Level
 Sublimation of Blood     Necr           61%        N/A       1%          2
 Death Channel            Necr           30%        N/A       3%          6
 Martyr's Knell           Necr/Summ      39%        N/A       4%          4
 Magic Dart               Conj           44%        1d5       8%          1
 Blink                    Tloc           22%        N/A       12%         2
 Call Imp                 Summ           22%        N/A       12%         2
 Gell's Gravitas          Tloc           11%        N/A       22%         3
 Ozocubu's Armour         Ice            11%        N/A       22%         3
 Teleport Other           Tloc           11%        N/A       22%         3
 Animate Armour           Summ/Erth      22%        N/A       58%         4
 Cause Fear               Hex            5%         N/A       58%         4
 Manifold Assault         Tloc           11%        N/A       58%         4
 Summon Lightning Spire   Summ/Air       11%        N/A       58%         4
 Lee's Rapid Deconstruct  Erth           5%         3d6*      91%         5
 Dispersal                Tloc           5%         N/A       100%        6
 Enfeeble                 Hex            5%         N/A       100%        7


Dungeon Overview and Level Annotations

Branches:
Dungeon (10/15)            Temple (1/1) D:5            Lair (4/5) D:9
  Swamp (0/4) Lair:3        Snake (0/4) Lair:2        Sewer (visited)
  Slime: Lair:4-5       Orc: D:9-12

Altars:
Ashenzari
Cheibriados
Dithmenos
Fedhas
Gozag
Hepliaklqana
Kikubaaqudgha
Makhleb
Nemelex Xobeh
Okawaru
Qazlal
Ru
Sif Muna
Trog
Uskayaw
Vehumet
Wu Jian
Xom
Yredelemnul

Annotations:
D:5 1 runed translucent door, Crazy Yiuf
D:9 2 transporters
Lair:4 1 runed translucent door, FoolsGold's ghost, journeyman MfIE; Nessos


Innate Abilities, Weirdness & Mutations

You are completely covered in rugged brown scales. (AC +3, +7% HP)
A weak demonic guardian rushes to your aid.
You regenerate health from kills.
Your touch may inflict irresistible damage on your foes.


Message History

You feel life coursing into your body.
You feel very sick.
Nessos shoots an arrow.
The arrow completely misses you. The arrow hits your death yak zombie!
The arrow burns your death yak zombie!
The water moccasin completely misses you.
Your death yak zombie gores the water moccasin.
Casting: Vampiric Draining (safe; 1% risk of failure)
Confirm with . or Enter, or press ? or * to list all spells.
You don't have enough magic to cast this spell.
Casting: Vampiric Draining (safe; 1% risk of failure)
Confirm with . or Enter, or press ? or * to list all spells.
You don't have enough magic to cast this spell.
Casting: Vampiric Draining (safe; 1% risk of failure)
Confirm with . or Enter, or press ? or * to list all spells.
You don't have enough magic to cast this spell.
Casting: Vampiric Draining (safe; 1% risk of failure)
Confirm with . or Enter, or press ? or * to list all spells.
You don't have enough magic to cast this spell.
You miss the water moccasin.
You touch the water moccasin!
The water moccasin is almost dead.
You feel sick.
Nessos shoots an arrow.
The arrow hits you.
* * * LOW HITPOINT WARNING * * *
The arrow burns you.
* * * LOW HITPOINT WARNING * * *
The water moccasin bites you but does no damage.
Your death yak zombie misses the water moccasin.
Casting: Vampiric Draining (safe; 1% risk of failure)
Confirm with . or Enter, or press ? or * to list all spells.
You don't have enough magic to cast this spell.
You feel much better.
You feel sick.
Nessos shoots an arrow.
The arrow hits you!
* * * LOW HITPOINT WARNING * * *
The arrow burns you!
* * * LOW HITPOINT WARNING * * *
The water moccasin bites you but does no damage.
Nessos shoots an arrow.
The arrow hits you!!
* * * LOW HITPOINT WARNING * * *
The arrow burns you.
You die...
Kikubaaqudgha rasps: "You have failed me!
Welcome... death!"

..P#..P.........# ...##...##...
..P.#P...#......####..# #...##...
................##.#.# #...#####
....................#####...#####
..............<..................
.............c...................
................Z................
....#.#..##.....4................
...####.###....S@..............##
....##..# #....#Z....###.........
...###..##.....#P...##⌠##....#...
...###...##...##...##...##....#5.
...#.#. #P...P#..##W.!..##...†..
....... ##..S ...+...♣?.W#......
....### #... #..##..?..##......
....# ....##...##...##.. ....##.
#⌠##....#..#


You could see Nessos (fast, corroded, ally target), a water moccasin,
FoolsGold's ghost, a friendly rust devil (summoned) and 2 friendly death yak
zombies.

Vanquished Creatures
  2 boulder beetles
  A two-headed ogre (D:10)
  5 death yaks
  2 spriggan druids (Lair:3)
  An arcanist (D:10)
  An orc knight (D:10)
  2 deep elf pyromancers (D:10)
  A cyclops (D:10)
  A manticore (D:10)
  A salamander (Lair:2)
  9 elephants
  2 black mambas (Lair:1)
  10 cane toads
  A torpor snail (Lair:2)
  A rime drake (Lair:2)
  3 kobold demonologists (D:10)
  9 komodo dragons
  3 trolls
  3 polar bears
  A hornet (D:8)
  A centaur simulacrum (D:10)
  3 wyverns
  A spriggan (D:7)
  2 shadows (D:10)
  A wraith (D:9)
  32 yaks
  Eustachio (D:6)
  2 basilisks (Lair:1)
  5 vampire mosquitoes
  2 nagas (Lair:2)
  8 water moccasins
  5 orc warriors
  A black bear (Lair:4)
  4 ice beasts
  6 sky beasts
  2 wolves (D:8)
  2 phantoms
  6 centaurs
  A gnoll sergeant (D:10)
  7 kobold brigands
  17 bullfrogs
  2 scorpions
  3 wights (D:9)
  4 killer bees
  11 howler monkeys
  2 electric eels (Lair:2)
  3 orc priests
  A bombardier beetle (D:6)
  4 hounds (D:9)
  2 jellies (D:6)
  2 sleepcaps
  Jessica (D:2)
  Ijyb (D:5)
  5 iguanas
  6 orc wizards
  2 adders (D:6)
  2 river rats (Sewer)
  A shadow imp (D:8)
  A howler monkey simulacrum (D:10)
  4 ufetubi
  2 ribbon worms (D:5)
  A dart slug (D:4)
  25 orcs
  3 ball pythons (D:1)
  6 endoplasms
  2 giant cockroaches
  14 goblins
  9 hobgoblins
  4 jackals
  21 kobolds
  3 quokkas (D:1)
  3 bats
  2 frilled lizards
  9 rats
329 creatures vanquished.

Vanquished Creatures (collateral kills)
  2 death yaks
  A lindwurm (Lair:3)
  10 elephants
  A cane toad (Lair:3)
  4 komodo dragons
  5 yaks
  A wyvern (D:10)
  An acid dragon (D:10)
  2 water moccasins
  A centaur (D:6)
  A phantom (D:6)
  A kobold brigand (D:6)
  2 bullfrogs
  Robin (D:4)
  A dart slug (D:1)
  An orc (D:4)
  A ball python (D:1)
  A bat (D:2)
  An endoplasm (D:1)
  A giant cockroach (D:4)
  4 goblins
  A hobgoblin (D:10)
44 creatures vanquished.

Vanquished Creatures (others)
  2 cane toad zombies
  An elephant zombie (Lair:4)
  A bullfrog (Lair:4)
  2 komodo dragon zombies
  2 water moccasin zombies (Lair:3)
  8 yak zombies
  A bullfrog zombie (Lair:4)
  A black bear zombie (Lair:4)
18 creatures vanquished.

Grand Total: 391 creatures vanquished

Notes
Turn   | Place    | Note
-------+----------+-------------------------------------------
     0 | D:1      | PaiMei the Demonspawn Necromancer began the quest for the
                  | Orb.
     0 | D:1      | Reached XP level 1. HP: 13/13 MP: 3/3
   275 | D:1      | Gained mutation: A weak demonic guardian rushes to your
                  | aid. [demonic ancestry]
   275 | D:1      | Reached XP level 2. HP: 19/19 MP: 1/5
   665 | D:1      | Gained mutation: You are partially covered in rugged brown
                  | scales. (AC +1, +3% HP) [demonic ancestry]
   665 | D:1      | Reached XP level 3. HP: 19/24 MP: 4/6
   669 | D:1      | Learned a level 3 spell: Vampiric Draining
  1326 | D:2      | Noticed Jessica
  1331 | D:2      | Killed Jessica
  1332 | D:2      | Reached XP level 4. HP: 28/31 MP: 3/7
  1447 | D:2      | You fall into a shaft and drop 2 floors!
  1467 | D:4      | Reached skill level 1 in Fighting
  1467 | D:4      | Reached skill level 5 in Necromancy
  1556 | D:4      | Noticed Robin
  1600 | D:4      | Killed Robin
  1791 | D:4      | Gained mutation: You are mostly covered in rugged brown
                  | scales. (AC +2, +5% HP) [demonic ancestry]
  1791 | D:4      | Reached XP level 5. HP: 24/39 MP: 4/9
  2343 | D:5      | Entered Level 5 of the Dungeon
  2364 | D:5      | Found a runed translucent door.
  2365 | D:5      | Noticed Crazy Yiuf
  2400 | D:5      | Noticed Ijyb
  2407 | D:5      | Killed Ijyb
  2525 | D:5      | Found a glowing drain.
  2617 | Sewer    | Entered a sewer
  2627 | Sewer    | Reached XP level 6. HP: 47/47 MP: 10/10
  3311 | D:5      | Found a staircase to the Ecumenical Temple.
  3335 | Temple   | Found a transporter.
  3335 | Temple   | Found a transporter.
  3335 | Temple   | Found a transporter.
  3335 | Temple   | Found a transporter.
  3335 | Temple   | Entered the Ecumenical Temple
  3425 | Temple   | Became a worshipper of Kikubaaqudgha
  3584 | D:5      | Noticed a yak
  3584 | D:5      | Noticed a shadow
  3604 | D:5      | Killed a yak
  3605 | D:5      | Reached skill level 6 in Necromancy
  3605 | D:5      | Reached XP level 7. HP: 22/54 MP: 3/13
  3744 | D:4      | Learned a level 4 spell: Animate Dead
  4673 | D:6      | Gained mutation: Your touch may inflict minor irresistible
                  | damage on your foes. [demonic ancestry]
  4673 | D:6      | Reached XP level 8. HP: 63/63 MP: 7/14
  5100 | D:6      | Reached skill level 7 in Necromancy
  5527 | D:6      | Noticed Eustachio
  5540 | D:6      | Reached skill level 5 in Dodging
  5540 | D:6      | Reached skill level 5 in Spellcasting
  5599 | D:6      | Killed Eustachio
  5600 | D:6      | Reached skill level 5 in Fighting
  5841 | D:6      | Noticed a +0 dagger
  5842 | D:6      | Noticed a +0 hand axe
  5844 | D:6      | Found a hide-covered altar of Uskayaw.
  6151 | D:6      | Reached XP level 9. HP: 48/71 MP: 2/17
  6362 | D:6      | Learned a level 3 spell: Fugue of the Fallen
  6443 | D:7      | Noticed a rust devil
  6444 | D:7      | Noticed a rust devil
  6567 | D:7      | Reached skill level 8 in Necromancy
  7598 | D:7      | Reached * piety under Kikubaaqudgha
  7598 | D:7      | Received a gift from Kikubaaqudgha
  8283 | D:8      | Paralysed by a hornet for 2 turns
  8298 | D:8      | Reached skill level 9 in Necromancy
  8658 | D:8      | Found a bloodstained altar of Trog.
  8772 | D:8      | Gained mutation: You regenerate a little health from kills.
                  | [demonic ancestry]
  8772 | D:8      | Reached XP level 10. HP: 69/80 MP: 0/20
  8999 | D:8      | Found a radiant altar of Vehumet.
 10224 | D:9      | Found a transporter.
 10656 | D:9      | Noticed a two-headed ogre
 10660 | D:9      | Found a transporter.
 11264 | D:9      | Reached ** piety under Kikubaaqudgha
 11703 | D:9      | Found a staircase to the Lair.
 11721 | D:9      | Reached skill level 10 in Necromancy
 12077 | D:10     | Entered Level 10 of the Dungeon
 12130 | D:10     | Noticed a two-headed ogre
 12159 | D:10     | Identified the +1 leather armour "Wyqeh" {Regen+ Stlth+}
 12193 | D:10     | Learned a level 5 spell: Curse of Agony
 12805 | D:10     | Killed a two-headed ogre
 12806 | D:10     | Gained mutation: You regenerate health from kills. [demonic
                  | ancestry]
 12806 | D:10     | Reached XP level 11. HP: 68/91 MP: 3/23
 13230 | D:10     | Noticed a deep elf pyromancer
 13236 | D:10     | Killed a deep elf pyromancer
 13378 | D:10     | Noticed an arcanist
 13544 | D:10     | Killed an arcanist
 13844 | D:10     | Noticed a boulder beetle
 14403 | D:10     | Noticed a deep elf pyromancer
 14411 | D:10     | Killed a deep elf pyromancer
 14412 | D:10     | Reached skill level 11 in Necromancy
 15195 | D:10     | Killed a boulder beetle
 15201 | D:10     | Reached *** piety under Kikubaaqudgha
 15201 | D:10     | Received a gift from Kikubaaqudgha
 15426 | D:10     | Noticed an orc knight
 15550 | D:10     | Killed an orc knight
 16528 | Lair:1   | Entered Level 1 of the Lair of Beasts
 16534 | Lair:1   | Learned a level 4 spell: Anguish
 16540 | Lair:1   | Learned a level 5 spell: Borgnjor's Vile Clutch
 16970 | Lair:1   | Gained mutation: You are completely covered in rugged brown
                  | scales. (AC +3, +7% HP) [demonic ancestry]
 16970 | Lair:1   | Reached XP level 12. HP: 94/103 MP: 4/25
 17543 | Lair:1   | Noticed a death yak
 17558 | Lair:1   | Noticed a boulder beetle
 17565 | Lair:1   | Killed a boulder beetle
 17601 | Lair:1   | Reached skill level 10 in Fighting
 17741 | Lair:1   | Killed a death yak
 17973 | Lair:1   | Noticed a death yak
 17973 | Lair:1   | Noticed a death yak
 17973 | Lair:1   | Noticed a death yak
 18014 | D:9      | Killed a death yak
 18015 | D:9      | Reached skill level 12 in Necromancy
 18332 | D:9      | Killed a death yak
 18567 | Lair:1   | Killed a death yak
 19021 | Lair:1   | Reached skill level 10 in Dodging
 19037 | Lair:1   | Reached skill level 10 in Spellcasting
 21105 | Lair:2   | Found a staircase to the Snake Pit.
 21730 | Lair:2   | Gained mutation: Your touch may inflict irresistible damage
                  | on your foes. [demonic ancestry]
 21730 | Lair:2   | Reached XP level 13. HP: 70/113 MP: 2/27
 21743 | Lair:2   | Reached skill level 13 in Necromancy
 22100 | Lair:2   | Reached **** piety under Kikubaaqudgha
 24866 | Lair:3   | Found a staircase to the Swamp.
 25210 | Lair:4   | Noticed FoolsGold's ghost (journeyman MfIE)
 25632 | Lair:4   | Noticed Nessos
 26741 | Lair:4   | Found a runed translucent door.
 26749 | Lair:4   | HP: 1/115 [Nessos/arrow (22)]
 26749 | Lair:4   | Shot with an arrow by Nessos

Illustrated notes

Levels and vault maps discovered:
D:1:      dpeg_arrival_three_smaller_balls, layout_basic, hex_large,
          minmay_pentomino_w4
D:2:      layout_basic, uniq_jessica
D:4:      layout_basic, uniq_robin
D:5:      kennysheep_big_flooded_room, layout_basic,
          minmay_temple_entry_metal_lava, cheibrodos_sewer_entry_bend,
          uniq_menkaure, uniq_crazy_yiuf_cottage, uniq_ijyb
D:6:      minmay_diamond_boxcup, layout_basic, dancing_weapons_uskayaw,
          uniq_eustachio
D:7:      cheibrodos_iron_armory, layout_loops_corners, the_hattery
D:8:      layout_basic, mainiacjoe_overflow_catch_the_wave
D:9:      gammafunk_beogh_shrine, layout_loops_ring, erik_lair_island,
          chequers_serial_rivers_micro_e
D:10:     minmay_the_grid_3x3 [minmay_the_grid_expand, minmay_the_grid_x,
          minmay_the_grid_spin_star, minmay_the_grid_small_cups,
          minmay_the_grid_large_cup, minmay_the_grid_spikes,
          minmay_the_grid_embedded, minmay_the_grid_all_tris,
          minmay_the_grid_prize_big_room], layout_cave_pools, enter_bailey_4,
          hangedman_abyss_or_decor_clamps
Temple:   hellmonk_temple_divided_pantheon
Lair:1:   layout_concentric_octagons, serial_bayou_pond_e, nzn_sisyphean_effort,
          serial_bayou_shore_a
Lair:2:   layout_gridlike, alex1729_snake_entry_snake, grunt_megastairs_2
Lair:3:   layout_chaotic_city, mainiacjoe_swamp_entry_angry_trees,
          gauntlet_entry_generic, lemuel_fruit_tree
Lair:4:   layout_regular_city, hellmonk_ghost_happy_afterlife, uniq_snorg,
          uniq_rupert, uniq_nessos

Skill      XL: |  1  2  3  4  5  6  7  8  9 10 11 12 13 |
---------------+----------------------------------------+-----
Stealth        | 2 |  2.2
Dodging        | 2 3 4 5 6 8 9 10 11 | 11.4
Fighting       | 1 2 3 4 5 6 8 9 11 12 | 12.1
Necromancy     | 5 6 7 9 10 11 12 13 | 13.9
Spellcasting   | 3 4 5 6 8 9 10 11 | 11.4

Action                     |  1- 3 |  4- 6 |  7- 9 | 10-12 | 13-15 || total
---------------------------+-------+-------+-------+-------+-------++-------
  Melee: Dagger            |    10 |    94 |   110 |   338 |   101 ||   653
         Punch             |       |     2 |       |     6 |     1 ||     9
         Touch             |       |       |    13 |    76 |    32 ||   121
         Unarmed           |       |       |     7 |       |       ||     7
         Hand axe          |       |       |       |    27 |       ||    27
   Cast: Necrotise         |    55 |    81 |   100 |   132 |    32 ||   400
         Vampiric Draining |       |     8 |    91 |   282 |   135 ||   516
         Fugue of the Fall |       |       |       |     2 |       ||     2
         Curse of Agony    |       |       |       |     6 |     2 ||     8
         Animate Dead      |       |       |       |     4 |     4 ||     8
    Use: Scroll            |       |       |       |     6 |     5 ||    11
         Potion            |       |       |       |     6 |     5 ||    11
   Stab: Distracted        |     1 |       |       |     1 |     3 ||     5
         Sleeping          |       |       |     1 |       |       ||     1
 Armour: Robe              |    13 |    97 |   167 |   107 |       ||   384
         Skin              |       |       |     1 |       |       ||     1
         Leather armour    |       |       |       |   425 |   218 ||   643
         Troll leather arm |       |       |       |    17 |       ||    17
  Dodge: Dodged            |    14 |   104 |   158 |   644 |   294 ||  1214
